 Dungeon Crawl Stone Soup version 0.29.1-15-g9cfb28693d (webtiles) character file.

Game seed: 17421841045064347708

1324 Exodus22XD the Summoner (level 8, -1/31 HPs)
             Began as a Felid Summoner on Apr 14, 2023.
             Was an Initiate of Gozag.
             Shot with a bolt by an orc warrior (6 damage)
             ... on level 8 of the Dungeon.
             The game lasted 00:47:23 (7456 turns).

Exodus22XD the Summoner (Felid Summoner)            Turns: 7456, Time: 00:47:25

Health: -1/31      AC:  2    Str:  4    XL:     8   Next: 33%
Magic:  15/21      EV: 17    Int: 21    God:    Gozag
Gold:   497        SH:  0    Dex: 16    Spells: 11/24 levels left
                                        Lives:  0   Deaths: 2

rFire   + . .      SeeInvis +     - Unarmed
rCold   . . .      Faith    .   (shield unavailable)
rNeg    . . .      Spirit   .   (body armour unavailable)
rPois   .          Reflect  .   (helmet unavailable)
rElec   .          Harm     .   (cloak unavailable)
rCorr   .          Rampage  .   (gloves unavailable)
Will    +....                   (boots unavailable)
Stlth   ++........              (no amulet)
HPRegen 0.10/turn               t - ring of protection from fire
MPRegen 0.17/turn               A - +4 ring of slaying

@: gold aura, quick
A: very small, claws 1, fangs 3, see invisible, speed 1, shaggy fur 2, stealthy
paws, no weapons or thrown items, no armour, multi-lived
a: Renounce Religion, Potion Petition, Call Merchant, Bribe Branch


You were on level 8 of the Dungeon.
You worshipped Gozag.
Gozag was aware of your devotion.
You visited 2 branches of the dungeon, and saw 9 of its levels.
You also visited: Sewer.

You collected 612 gold pieces.
You paid 115 gold pieces to Gozag.

Inventory:

Jewellery
 t - a ring of protection from fire (left paw)
 y - a +6 ring of strength
 A - a +4 ring of slaying (right paw)
Wands
 m - a wand of roots (2)
 u - a wand of digging (5)
 v - a wand of flame (50)
Scrolls
 d - a scroll of fog
 e - 2 scrolls of enchant weapon
 f - 4 scrolls of amnesia
 i - 3 scrolls of vulnerability {unknown}
 j - 3 scrolls of teleportation
 k - 3 scrolls of enchant armour {unknown}
 l - 2 scrolls of immolation {unknown}
 o - 2 scrolls of summoning {unknown}
 p - 3 scrolls of poison {unknown}
 q - 2 scrolls of fear {unknown}
 z - 2 scrolls of blinking {unknown}
 D - a scroll of magic mapping {unknown}
 G - a scroll of noise {unknown}
Potions
 a - a potion of magic
 b - 2 potions of degeneration {unknown}
 c - 3 potions of berserk rage
 g - 3 potions of attraction
 h - 2 potions of resistance {unknown}
 n - 2 potions of curing {unknown}
 r - 3 potions of lignification
 s - a potion of brilliance {unknown}
 w - 2 potions of might {unknown}
 x - a potion of flight {unknown}
 B - a potion of ambrosia {unknown}
 C - 2 potions of invisibility {unknown}
 E - a potion of mutation {unknown}
 F - a potion of heal wounds {unknown}


   Skills:
 - Level 2.6 Dodging
 - Level 2.6 Stealth
 + Level 1.3 Unarmed Combat
 + Level 8.8 Spellcasting
 - Level 5.0 Hexes
 + Level 9.9 Summonings
 * Level 4.7 Air Magic


You had 11 spell levels left.
You knew the following spells:

 Your Spells              Type           Power      Damage    Failure   Level
a - Summon Small Mammal   Summ           100%       N/A       1%          1
b - Call Imp              Summ           50%        N/A       1%          2
c - Call Canine Familiar  Summ           50%        N/A       1%          3
d - Summon Guardian Gole  Hex/Summ       40%        N/A       1%          3
e - Summon Lightning Spi  Summ/Air       40%        N/A       3%          4

Your spell library contained the following spells:

 Spells                   Type           Power      Damage    Failure   Level
 Necrotise                Necr           36%        1d5       8%          1
 Gell's Gravitas          Tloc           9%         N/A       22%         3
 Lesser Beckoning         Tloc           9%         N/A       22%         3
 Teleport Other           Tloc           9%         N/A       22%         3
 Vampiric Draining        Necr           9%         2d6       22%         3
 Agony                    Necr           9%         N/A       90%         5


Dungeon Overview and Level Annotations

Branches:
Dungeon (8/15)             Temple (1/1) D:6           Sewer (visited)
   Lair: D:8-11

Altars:
Cheibriados
Dithmenos
Elyvilon
Gozag
Hepliaklqana
Nemelex Xobeh
Okawaru
Qazlal
Ru
Sif Muna
Trog
Uskayaw
Vehumet
Xom
Yredelemnul
Zin
The Shining One

Shops:
D:6 (

Portals:
Abyss: D:3

Annotations:
D:3 2 transporters, duchin's ghost, amateur MfGl


Innate Abilities, Weirdness & Mutations

You have sharp claws.
You have razor-sharp teeth.
You have supernaturally acute eyesight. (SInv)
You cover ground quickly. (Speed+)
You are covered in thick fur. (AC +2)
Your paws help you pounce on unaware monsters.
You are incapable of wielding weapons or throwing items.
You cannot wear armour.
You gain extra lives every three experience levels.


Message History

t - Meow!
Orders for allies: a - Attack new target. r - Retreat! s - Stop attacking. g - Guard the area. f - Follow me.
Anything else - Cancel.
Gang up on whom?
Press: ? - help, Dir - move target, f - orc priest
Aim: an orc priest, wielding a +0 short sword and wearing a +0 ring mail (ally target) Attack!
Your wolf barely misses the orc priest.
Something closely misses your wolf.
The orc warrior unwields a +0 trident.
The orc warrior wields a +0 arbalest.
The orc warrior shoots a bolt.
The bolt barely misses your wolf. The bolt barely misses you.
Your wolf barely misses the orc priest.
Aiming: Throw Flame
Press: ? - help, Shift-Dir - straight line, f/p - orc priest
Aim: an orc priest, wielding a +0 short sword and wearing a +0 ring mail (ally target, 72% to hit)
The puff of flame misses the orc priest.
Something hits your wolf but does no damage.
Your wolf bites the orc priest.
The orc warrior shoots a bolt.
The bolt misses your wolf.
The bolt hits the orc priest!
You barely miss the orc priest.
You claw the orc priest, but do no damage.
The orc priest is almost dead.
Your wolf bites the orc priest!
The orc priest dies!
Something barely misses your wolf.
Your wolf barely misses the orc warrior.
Aiming: Throw Flame
Press: ? - help, Shift-Dir - straight line, f - orc warrior
Aim: an orc warrior, wielding a +0 arbalest and wearing a +0 plate armour (ally target, 68% to hit)
Really fire in your wolf's direction?
Okay, then.
Aiming: Throw Flame
Press: ? - help, Shift-Dir - straight line, p - orc warrior The puff of flame misses the orc warrior.
Your wolf bites the orc warrior!
Something misses your wolf.
The orc warrior shoots a bolt.
The bolt closely misses your wolf. The bolt hits you.
You die...
Your body crumbles into a pile of gold.

.....###..##
#.#
###...##..#
#.#
##.....##
#.# ##...##
#.# #...##
#.# #...##
#.# ....##
#.# ...##
#.# ### #@#
#$#
.....oh.#
.##.##o## ..
##. #. .. ..


You could see an orc warrior (ally target) and a friendly wolf (summoned).

Vanquished Creatures
  A steam dragon (D:7)
  A black bear (D:5)
  A hound (D:7)
  A nameless horror (D:8)
  2 adders (D:6)
6 creatures vanquished.

Vanquished Creatures (collateral kills)
  Maurice (D:8)
  Grum (D:8)
  2 steam dragons
  2 water moccasins
  2 black bears
  3 wolves (D:8)
  2 ogres (D:5)
  2 centaurs
  A phantom (D:6)
  A kobold brigand (D:7)
  2 bullfrogs
  2 scorpions
  2 wights (D:7)
  Dowan (D:5)
  5 killer bees (D:8)
  3 orc priests
  5 hounds
  An iguana (D:6)
  4 orc wizards
  A nameless horror (D:8)
  9 adders
  4 gnolls (D:6)
  2 river rats (Sewer)
  A shadow imp (D:7)
  3 white imps
  An ufetubus (D:6)
  5 worms
  3 dart slugs
  15 orcs
  7 ball pythons
  18 endoplasms
  4 giant cockroaches
  7 goblins
  9 hobgoblins
  3 jackals (D:4)
  7 quokkas
  A bat (D:3)
  A frilled lizard (Sewer)
  14 kobolds
  11 rats
168 creatures vanquished.

Vanquished Creatures (others)
  Grinder (D:5)
  Duvessa (D:5)
  A kobold brigand (D:6)
  A bullfrog (D:6)
  A gnoll sergeant (D:6)
  4 wights
  A killer bee (D:8)
  2 jellies
  A gnoll (D:6)
  7 fungi (D:2)
  4 plants (D:2)
24 creatures vanquished.

Grand Total: 198 creatures vanquished

Notes
Turn   | Place    | Note
-------+----------+-------------------------------------------
     0 | D:1      | Exodus22XD the Felid Summoner began the quest for the Orb.
     0 | D:1      | Reached XP level 1. HP: 7/7 MP: 4/4
   375 | D:1      | Reached XP level 2. HP: 11/11 MP: 3/6
   378 | D:1      | Learned a level 2 spell: Call Imp
   989 | D:2      | Found a faded altar of an unknown god.
  1029 | D:2      | You fall into a shaft and drop 1 floor!
  1125 | D:2      | Reached XP level 3. HP: 14/14 MP: 1/7
  1136 | D:2      | Learned a level 3 spell: Call Canine Familiar
  1777 | D:3      | Found a transporter.
  1786 | D:3      | Found a transporter.
  1798 | D:3      | Reached XP level 4. HP: 18/18 MP: 7/9
  1802 | D:3      | Learned a level 3 spell: Summon Guardian Golem
  1826 | D:3      | Noticed duchin's ghost (amateur MfGl)
  1827 | D:3      | Found a one-way gate to the infinite horrors of the Abyss.
  2111 | D:3      | Reached skill level 5 in Summonings
  2834 | D:4      | Reached skill level 1 in Hexes
  2895 | D:4      | Reached XP level 5. HP: 16/21 MP: 8/11
  3166 | D:5      | Entered Level 5 of the Dungeon
  3182 | D:5      | Noticed Duvessa
  3218 | D:5      | Noticed an ogre
  3230 | D:5      | Killed an ogre
  3231 | D:5      | Gained mutation: You are covered in thick fur. (AC +2)
                  | [Felid growth]
  3231 | D:5      | Reached XP level 6. HP: 24/24 MP: 5/13
  3378 | D:5      | Reached skill level 6 in Summonings
  3526 | D:5      | Reached XP level 7. HP: 27/27 MP: 9/15
  3539 | D:5      | Noticed Grinder
  3557 | D:5      | Killed Grinder
  3558 | D:5      | Reached skill level 5 in Spellcasting
  3626 | D:5      | Learned a level 4 spell: Summon Lightning Spire
  4011 | D:5      | Killed Duvessa
  4023 | D:5      | Noticed Dowan
  4059 | D:5      | Killed Dowan
  4157 | D:6      | Found a glowing drain.
  4172 | D:6      | Reached skill level 7 in Summonings
  4172 | D:6      | Reached skill level 1 in Air Magic
  4179 | D:6      | Reached XP level 8. HP: 25/31 MP: 6/17
  4358 | Sewer    | Entered a sewer
  4412 | Sewer    | Reached skill level 5 in Hexes
  4566 | Sewer    | Found a viscous altar of Jiyva.
  4648 | D:6      | Found a stormy altar of Qazlal.
  5014 | D:6      | Reached skill level 8 in Summonings
  5084 | D:6      | Found Pyqimeg's Antique Weapon Boutique.
  5292 | D:6      | Found a staircase to the Ecumenical Temple.
  5327 | Temple   | Entered the Ecumenical Temple
  5387 | Temple   | Became a worshipper of Gozag Ym Sagoz the Greedy
  5493 | D:6      | Found a basalt altar of Yredelemnul.
  5946 | D:7      | Reached XP level 9. HP: 34/34 MP: 15/20
  6547 | D:7      | Reached skill level 9 in Summonings
  7025 | D:8      | Noticed Maurice
  7041 | D:8      | Killed Maurice
  7045 | D:8      | Noticed Grum
  7049 | D:8      | Killed Grum
  7063 | D:8      | Reached skill level 1 in Unarmed Combat
  7299 | D:8      | HP: 1/34 [centaur/arrow (12)]
  7300 | D:8      | Shot with an arrow by a centaur
  7301 | D:8      | Reached XP level 8. HP: -9/31 MP: 14/21
  7334 | D:8      | Reached XP level 9. HP: 34/34 MP: 15/22
  7384 | D:8      | Succumbed to a kobold brigand's curare-tipped dart
  7385 | D:8      | Reached XP level 8. HP: -1/31 MP: 17/21
  7456 | D:8      | Shot with a bolt by an orc warrior

Illustrated notes

Levels and vault maps discovered:
D:1:      beargit_arrival_greenhouse, layout_loops_ring
D:2:      minmay_diamond_boxcup, layout_rooms,
          shapermc_ecumenical_altar_hornbeckon
D:3:      minmay_evil_eye, layout_loops_corners, gammafunk_ghost_abyssal_escape
D:4:      layout_basic
D:5:      layout_loops_corners, uniq_grinder, uniq_duvessa
D:6:      layout_basic, kennysheep_mini, mainiacjoe_overflow_six_doors_small,
          minmay_temple_entry_proselytizer, serial_shops,
          nicolae_shop_statue_plus, gup_sewer_entry_glass, grunt_ministairs_9
D:7:      layout_basic
D:8:      layout_loops_cross, enter_bailey_4, st_stairs_2, nicolae_sextant,
          grunt_ministairs_12, uniq_psyche, uniq_grum, uniq_maurice,
          uniq_prince_ribbit1
Temple:   hellmonk_temple_of_storms

Skill      XL: |  1  2  3  4  5  6  7  8  9 |
---------------+----------------------------+-----
Spellcasting   | 3 4 5 7 8 |  8.8
Summonings     | 5 6 7 8 9 |  9.9
Hexes          | 1 2 3 4 5 |  5.0
Air Magic      | 1 3 4 |  4.7
Unarmed Combat | 1 |  1.3
Dodging        | |  2.6
Stealth        | |  2.6

Action                   |  1- 3 |  4- 6 |  7- 9 || total
-------------------------+-------+-------+-------++-------
Melee: Unarmed           |     1 |     2 |    17 ||    20
       Punch             |       |       |     1 ||     1
       Bite              |       |       |     1 ||     1
 Cast: Summon Small Mamm |    58 |    24 |    16 ||    98
       Call Imp          |    12 |     9 |    11 ||    32
       Call Canine Famil |     1 |     9 |    46 ||    56
       Summon Guardian G |       |       |    25 ||    25
       Summon Lightning  |       |       |    16 ||    16
Evoke: Wand              |       |     1 |    10 ||    11
  Use: Scroll            |       |     1 |     6 ||     7
       Potion            |       |       |     1 ||     1
Armor: Skin              |     1 |     1 |     3 ||     5
Dodge: Dodged            |    21 |    27 |    78 ||   126
